 Dungeon Crawl Stone Soup version 0.29.0-11-gd7f09526c8 (webtiles) character file.

Game seed: 1072754667026752724

65 NinjaNoafa the Trooper (level 3, -2/34 HPs)
             Began as a Draconian Wanderer on Sept 5, 2022.
             Was an Initiate of Sif Muna.
             Slain by a gnoll
             ... wielding a +0 club
              (7 damage)
             ... on level 2 of the Dungeon.
             The game lasted 00:05:09 (1698 turns).

NinjaNoafa the Trooper (Draconian Wanderer)         Turns: 1698, Time: 00:05:10

Health: -2/34      AC:  5    Str: 12    XL:     3   Next: 94%
Magic:  0/4        EV: 11    Int: 16    God:    Sif Muna [......]
Gold:   44         SH:  0    Dex: 10    Spells: 2/4 levels left

rFire   . . .      SeeInvis .   n - +1 dagger (drain)
rCold   . . .      Faith    .   (no shield)
rNeg    . . .      Spirit   .   (body armour unavailable)
rPois   .          Reflect  .   (helmet restricted)
rElec   .          Harm     .   (no cloak)
rCorr   .          Rampage  .   (no gloves)
Will    +....                   (no boots)
Stlth   +.........              (no amulet)
HPRegen 0.11/turn               o - ring of willpower
MPRegen 0.09/turn               (no ring)

@: no status effects
A: AC +5, unfitting armour, cold-blooded
a: Renounce Religion


You were on level 2 of the Dungeon.
You worshipped Sif Muna.
Sif Muna was noncommittal.
You visited 1 branch of the dungeon, and saw 2 of its levels.

You collected 44 gold pieces.

Inventory:

Hand Weapons
 n - a +1 dagger of draining (weapon)
Missiles
 d - 23 stones
 h - 4 poisoned darts
 p - 5 atropa-tipped darts
Jewellery
 o - a ring of willpower (left hand)
Wands
 q - a wand of charming (4)
Scrolls
 b - a scroll of fear
 e - 2 scrolls of enchant weapon {unknown}
 f - a scroll of noise {unknown}
 i - 2 scrolls of fog {unknown}
 r - a scroll of summoning {unknown}
Potions
 a - a potion of brilliance {unknown}
 c - 3 potions of curing
 g - a potion of mutation {unknown}
 j - 2 potions of degeneration {unknown}
 k - a potion of cancellation {unknown}
 l - a potion of attraction {unknown}
 m - a potion of heal wounds {unknown}


   Skills:
 - Level 4.3 Fighting
 - Level 1.0 Dodging
 - Level 1.0 Spellcasting
 + Level 2.4 Conjurations
 - Level 2.0 Necromancy
 + Level 3.3 Fire Magic


You had 2 spell levels left.
You knew the following spells:

 Your Spells              Type           Power      Damage    Failure   Level
a - Necrotise             Necr           28%        1d5       10%         1
b - Foxfire               Conj/Fire      40%        2x1d6     7%          1

Your spell library contained the following spells:

 Spells                   Type           Power      Damage    Failure   Level
 Conjure Flame            Conj/Fire      10%        6-21      22%         3
 Vampiric Draining        Necr           7%         2d6       30%         3
 Ignite Poison            Fire/Tmut/Pois 4%         N/A       41%         3


Dungeon Overview and Level Annotations

Branches:
Dungeon (2/15)

Altars:
Sif Muna

Shops:
D:2 (


Innate Abilities, Weirdness & Mutations

Your plain brown scales are hard. (AC +5)
You cannot fit into any form of body armour.
You are cold-blooded and may be slowed by cold attacks.


Message History

The gnoll is moderately wounded.
The foxfire hits the gnoll.
The gnoll is heavily wounded.
A rat comes into view.
The gnoll hits you with a +0 whip!
You conjure some foxfire!
The gnoll hits you with a +0 whip.
There is not enough space to conjure foxfire!
The foxfire hits the gnoll.
The gnoll is severely wounded.
The foxfire hits the gnoll.
The gnoll is almost dead.
You conjure some foxfire!
The gnoll hits you with a +0 whip.
The foxfire hits the gnoll.
The gnoll is lightly wounded.
The foxfire hits the gnoll.
The gnoll is moderately wounded.
The gnoll closely misses you. The gnoll attacks as you move away!
The gnoll hits you with a +0 whip! The gnoll barely misses you.
The gnoll attacks as you move away! The gnoll hits you with a +0 whip!
* * * LOW HITPOINT WARNING * * *
You closely miss the gnoll.
The gnoll is moderately wounded.
The gnoll hits you but does no damage. x2
You barely miss the gnoll.
The gnoll is almost dead.
The gnoll closely misses you. The gnoll hits you with a +0 club.
* * * LOW HITPOINT WARNING * * *
You hit the gnoll.
You kill the gnoll!
Sif Muna accepts your kill.
Casting: Foxfire (safe; 7% risk of failure)
Confirm with . or Enter, or press ? or * to list all spells.
Aiming: Necrotise (safe; 10% risk of failure)
Press: ? - help, Shift-Dir - straight line, f - gnoll
Aim: a gnoll, wielding a +0 club (moderately wounded, chance to affect: 64%)
The gnoll struggles to resist.
The gnoll hits you with a +0 club.
* * * LOW HITPOINT WARNING * * *
The gnoll hits you with a +0 club!
You die...

...# #########
##.#.# #........
...#.# #.#######
#..... ........#
#.##.# ##
#.#####.#
#.##.###.... #.#
#.# #.##r..r....
#.#
#.#####.##g#######
#.# #....<.#.g@#
#.# #######.####
#.# #.# #.# #.#
#.# #.# ..# ###


You could see 2 gnolls and a rat.

Vanquished Creatures
  A gnoll (D:2)
  An adder (D:2)
  A worm (D:2)
  A dart slug (D:1)
  2 ball pythons
  5 endoplasms
  8 hobgoblins
  2 quokkas (D:1)
  2 bats (D:1)
  2 frilled lizards (D:1)
  6 goblins
  2 kobolds
  2 rats (D:1)
35 creatures vanquished.

Vanquished Creatures (collateral kills)
  A goblin (D:1)
  A quokka (D:1)
2 creatures vanquished.

Vanquished Creatures (others)
  35 foxfires (D:2)
  A plant (D:2)
36 creatures vanquished.

Grand Total: 73 creatures vanquished

Notes
Turn   | Place    | Note
-------+----------+-------------------------------------------
     0 | D:1      | NinjaNoafa the Draconian Wanderer began the quest for the
                  | Orb.
     0 | D:1      | NinjaNoafa set off with the following items: a +0 club, a
                  | scroll of fear, a potion of curing; and the following
                  | spells available to memorise: Necrotise, Foxfire, Vampiric
                  | Draining, Conjure Flame, Ignite Poison.
     0 | D:1      | Reached XP level 1. HP: 22/22 MP: 2/2
    12 | D:1      | Learned a level 1 spell: Necrotise
   115 | D:1      | Reached skill level 1 in Conjurations
   275 | D:1      | Reached XP level 2. HP: 24/28 MP: 0/3
   770 | D:1      | Reached XP level 3. HP: 33/34 MP: 1/4
   899 | D:1      | Learned a level 1 spell: Foxfire
   931 | D:1      | Found a faded altar of an unknown god.
  1173 | D:2      | Found a shimmering blue altar of Sif Muna.
  1188 | D:2      | Became a worshipper of Sif Muna the Loreminder
  1627 | D:2      | Found Wohacyr's Antique Weapon Shoppe.
  1698 | D:2      | Slain by a gnoll

Illustrated notes

Levels and vault maps discovered:
D:1:      zaba_arrival_water, layout_basic, shapermc_ecumenical_altar_venn
D:2:      layout_loops_ring, basic_altar, serial_shops, nicolae_shop_waterfront,
          serial_bayou_pond_c

Skill      XL: |  1  2  3 |
---------------+----------+-----
Conjurations   | 1 2 |  2.4
Fire Magic     | 3 |  3.3
Fighting       | |  4.3
Dodging        | |  1.0
Spellcasting   | |  1.0
Necromancy     | |  2.0

Action                   || total
-------------------------++-------
Melee: Club              ||    19
       Tailslap          ||     5
       Punch             ||     1
       War axe           ||    25
       Dagger            ||    13
Throw: Stone             ||     1
 Cast: Necrotise         ||    22
       Foxfire           ||    24
Armor: Skin              ||    37
Dodge: Dodged            ||    49
